 Dungeon Crawl Stone Soup version 0.22-a0-352-gc608dd7 (webtiles) character file.

5129 RoseArtemis the Carver (level 10, -7/91 HPs)
             Began as a Minotaur Berserker on Apr 14, 2018.
             Was an Elder of Trog.
             Mangled by an orc warrior
             ... wielding a +0 glaive
              (12 damage)
             ... on level 9 of the Dungeon.
             The game lasted 00:23:01 (7625 turns).

RoseArtemis the Carver (Minotaur Berserker)         Turns: 7625, Time: 00:23:02

Health: -7/91      AC: 19    Str: 22    XL:     10   Next: 33%
Magic:  9/9        EV:  8    Int:  6    God:    Trog [****..]
Gold:   470        SH:  0    Dex: 11    Spells: 9/9 levels left

rFire    . . .     SeeInvis .   a - +0 great sword
rCold    . . .     Gourm    .   (shield currently unavailable)
rNeg     . . .     Faith    .   G - +0 plate armour
rPois    +         Spirit   .   (helmet restricted)
rElec    .         Reflect  .   (no cloak)
rCorr    .         Harm     .   j - +0 pair of gloves
MR       .....                  w - +0 pair of boots
Stlth    ..........             (no amulet)
HPRegen  0.25/turn              i - +3 ring of protection
MPRegen  0.11/turn              o - ring of poison resistance

@: berserk cooldown, drained
A: retaliatory headbutt, horns 2
a: Berserk, Trog's Hand, Brothers in Arms, Renounce Religion


You were on level 9 of the Dungeon.
You worshipped Trog.
Trog was greatly pleased with you.
You were near starving.

You visited 2 branches of the dungeon, and saw 10 of its levels.

You collected 470 gold pieces.

Inventory:

Hand Weapons
 a - a +0 great sword (weapon)
 D - a +1 falchion of flaming
Missiles
 E - 4 poisoned tomahawks (quivered)
Armour
 j - a +0 pair of gloves (worn)
 w - a +0 pair of boots (worn)
 A - a +0 buckler
 G - a +0 plate armour (worn)
Jewellery
 i - a +3 ring of protection (left hand)
 o - a ring of poison resistance (right hand)
Wands
 q - a wand of clouds (5)
 C - a wand of disintegration (5)
Scrolls
 f - a scroll of random uselessness {unknown}
 k - 4 scrolls of teleportation
 r - a scroll of fog {unknown}
 u - a scroll of blinking {unknown}
 y - a scroll of magic mapping
 z - 2 scrolls of amnesia {unknown}
 F - a scroll of immolation {unknown}
Potions
 b - 3 potions of ambrosia
 d - a potion of flight {unknown}
 e - 3 potions of curing
 g - 2 potions of brilliance
 h - 4 potions of heal wounds
 l - 2 potions of magic
 m - a potion of degeneration {unknown}
 n - a potion of mutation {unknown}
 p - 2 potions of agility
 s - a potion of might {unknown}
 t - 2 potions of berserk rage
 v - a potion of cancellation {unknown}
 B - a potion of resistance {unknown}
Comestibles
 c - 9 rations


   Skills:
 + Level 9.0(8.6) Fighting
 * Level 11.9(11.4) Long Blades
 + Level 8.6(8.1) Armour
 - Level 3.3(2.9) Dodging
 + Level 7.6(7.1) Shields


You had 9 spell levels left.
You didn't know any spells.

Dungeon Overview and Level Annotations

Branches:
Dungeon (9/15)             Temple (1/1) D:6            Lair (0/6) D:9
    Orc: D:9-12

Altars:
Ashenzari
Cheibriados
Elyvilon
Fedhas
Gozag
Hepliaklqana
Kikubaaqudgha
Makhleb
Nemelex Xobeh
Okawaru
Qazlal
Ru
Sif Muna
Trog
Uskayaw
Vehumet
Wu Jian
Xom
Yredelemnul
Zin
The Shining One

Annotations:
D:2 1 runed door
D:8 2 transporters


Innate Abilities, Weirdness & Mutations

You reflexively headbutt those who attack you in melee.
You have a pair of horns on your head.


Message History

The orc warrior hits you with a glaive!!
* * * LOW HITPOINT WARNING * * *
You hit the orc warrior but do no damage.
Your headbutt misses the orc warrior.
The orc warrior is almost dead.
You feel yourself speed up.
The orc warrior hits you but does no damage.
The orc warrior hits you with a glaive!
* * * LOW HITPOINT WARNING * * *
You hit the orc warrior. Your headbutt misses the orc warrior.
The orc warrior is almost dead.
You closely miss the orc warrior.
The orc warrior is almost dead.
The orc warrior hits you with a glaive!
* * * LOW HITPOINT WARNING * * *
Your plate armour prevents you from hitting the orc warrior.
Your headbutt misses the orc warrior.
The orc warrior is almost dead.
The orc warrior hits you with a glaive!
You die...

*,* *,* *,* *,* *,* ****** *,*
*,,,,*** **,*
***################**,,,,,,*
*,,***,,.......)<<<.....,,,,,*,,*
*,***,,,.......)@†......,,,,***,,
*,**,,,,........o)......**,,***,,
*,*,,,,,................***,,*,,*
*,,,,,,,................,**,,,,,*
*,,,,,,,................,,,,,,,,,
,,,,,,,,...............#*,,,,,,,,
,,,,,,,,....../.......##**,,,_,,,
,,,,,,,,,$.............**,,,,,,,,
,,,,,,,,,,,,,,,,,,,,,,,,,,,,,,,,,


You could see an orc warrior.

Vanquished Creatures
  3 two-headed ogres
  Pikel (D:6)
  A hippogriff (D:5)
  A human (D:8)
  A wyvern (D:8)
  3 ice beasts
  2 slaves (D:6)
  A phantom (D:8)
  A centaur (D:8)
  2 ogres
  A crocodile (D:8)
  A bullfrog (D:6)
  A big kobold (D:8)
  A water moccasin zombie (D:6)
  A scorpion (D:4)
  5 killer bees (D:8)
  4 wights (D:9)
  A howler monkey (D:8)
  4 crimson imps
  4 hounds
  2 jellies
  3 orc priests
  Ijyb (D:5)
  An iguana (D:4)
  An orc wizard (D:4)
  6 worker ants
  A hound zombie (D:5)
  2 hound skeletons (D:8)
  A howler monkey zombie (D:6)
  10 adders
  4 gnolls
  A shadow imp (D:6)
  2 adder skeletons
  An adder zombie (D:7)
  5 worms
  A dart slug (D:1)
  5 leopard geckos
  29 orcs
  4 bats
  8 giant cockroaches
  4 goblins
  6 hobgoblins
  10 jackals
  12 kobolds
  A quokka (D:6)
  A ball python (D:2)
  9 frilled lizards
  A jackal zombie (D:7)
  A quokka skeleton (D:4)
  7 rats
179 creatures vanquished.

Vanquished Creatures (others)
  An orc (D:6)
1 creature vanquished.

Grand Total: 180 creatures vanquished

Notes
Turn   | Place    | Note
-------+----------+-------------------------------------------
     0 | D:1      | RoseArtemis the Minotaur Berserker began the quest for the Orb.
     0 | D:1      | Reached XP level 1. HP: 19/19 MP: 0/0
   185 | D:1      | Reached XP level 2. HP: 27/27 MP: 1/1
   208 | D:1      | Reached skill level 4 in Long Blades
  1124 | D:2      | Found an opulent altar of Gozag.
  1215 | D:2      | Reached XP level 3. HP: 26/33 MP: 2/2
  1579 | D:2      | Reached ** piety under Trog
  1873 | D:2      | Reached XP level 4. HP: 40/40 MP: 3/3
  2091 | D:2      | Found a runed door.
  2473 | D:3      | Reached skill level 5 in Long Blades
  2557 | D:3      | Reached XP level 5. HP: 47/47 MP: 4/4
  3456 | D:4      | Reached *** piety under Trog
  3519 | D:4      | Reached skill level 1 in Shields
  3559 | D:4      | Reached XP level 6. HP: 55/55 MP: 5/5
  3604 | D:4      | Reached skill level 6 in Long Blades
  4004 | D:5      | Entered Level 5 of the Dungeon
  4063 | D:5      | Found a sacrificial altar of Ru.
  4125 | D:5      | Reached skill level 5 in Fighting
  4158 | D:5      | Noticed Ijyb
  4187 | D:5      | Killed Ijyb
  4298 | D:5      | Reached XP level 7. HP: 61/61 MP: 6/6
  4392 | D:5      | Noticed a hippogriff
  4401 | D:5      | Killed a hippogriff
  4401 | D:5      | Reached skill level 7 in Long Blades
  4401 | D:5      | Reached skill level 5 in Armour
  4671 | D:5      | Found a stormy altar of Qazlal.
  4964 | D:6      | Noticed Pikel
  4972 | D:6      | Killed Pikel
  4972 | D:6      | Reached skill level 8 in Long Blades
  4972 | D:6      | Reached XP level 8. HP: 71/71 MP: 7/7
  5044 | D:6      | Found an iron altar of Okawaru.
  5234 | D:6      | Found a staircase to the Ecumenical Temple.
  5246 | D:6      | Reached skill level 9 in Long Blades
  5250 | Temple   | Entered the Ecumenical Temple
  5503 | D:6      | Reached skill level 5 in Shields
  5772 | D:7      | Found a deep blue altar of Sif Muna.
  5793 | D:7      | Noticed a two-headed ogre
  5802 | D:7      | Killed a two-headed ogre
  5802 | D:7      | Reached skill level 10 in Long Blades
  5802 | D:7      | Reached XP level 9. HP: 59/79 MP: 8/8
  5976 | D:7      | Found a sparkling altar of Nemelex Xobeh.
  5977 | D:7      | Found a hide-covered altar of Uskayaw.
  6224 | D:8      | Found a sparkling altar of Nemelex Xobeh.
  6431 | D:8      | Found a hazy altar of Hepliaklqana.
  6592 | D:8      | Noticed a two-headed ogre
  6599 | D:8      | Killed a two-headed ogre
  6599 | D:8      | Reached skill level 11 in Long Blades
  6861 | D:8      | Noticed a two-headed ogre
  6870 | D:8      | Killed a two-headed ogre
  6870 | D:8      | Reached XP level 10. HP: 90/90 MP: 9/9
  7207 | D:8      | Reached **** piety under Trog
  7231 | D:8      | Found a white marble altar of Elyvilon.
  7362 | D:8      | Found a shimmering altar of Xom.
  7363 | D:8      | Found a transporter.
  7370 | D:8      | Noticed a death knight
  7372 | D:8      | Found a transporter.
  7387 | D:8      | Found a basalt altar of Yredelemnul.
  7397 | D:8      | Found an ancient bone altar of Kikubaaqudgha.
  7624 | D:9      | HP: 4/91 [orc warrior/glaive (15)]
  7625 | D:9      | Mangled by an orc warrior

Vault maps used:
D:1:      lightli_arrival_maybe_door_vault, minmay_misc_feat_five,
          minmay_fountain_box
D:2:      grunt_gozag_statues, uniq_crazy_yiuf_cottage
D:3:      kennysheep_generic_room_6
D:4:      serial_corexii_hall, corexii_hall_statues_i, corexii_hall_statues_i,
          minmay_box_of_dots
D:5:      kennysheep_mini, lemuel_doored_altar, first_ration, uniq_ijyb
D:6:      nicolae_overflow_crystal_walls, minmay_temple_entry_purple_smoke,
          uniq_pikel
D:7:      kennysheep_little_box, grunt_temple_overflow_open
D:8:      gammafunk_temple_of_torment, marbit_many_paths,
          nicolae_overflow_hidden_temple, xom_teletrap_fun, grunt_pizzeria,
          st_stairs_14, nemelex_spade_bored_becter
D:9:      nicolae_dithmenos_shadow_blocks, lair_entry_dummy,
          hangedman_abyss_or_decor_stabs
Temple:   nicolae_temple_figure_zero

Skill      XL: |  1  2  3  4  5  6  7  8  9 10 |
---------------+-------------------------------+-----
Long Blades    | 4 5 6 8 10 11 | 11.9
Fighting       | 4 5 6 7 8 9 |  9.0
Armour         | 3 4 5 7 8 |  8.6
Dodging        | 3 |  3.3
Shields        | 1 2 4 5 7 |  7.6

Action                   |  1- 3 |  4- 6 |  7- 9 | 10-12 || total
-------------------------+-------+-------+-------+-------++-------
Melee: Falchion          |    87 |   158 |   241 |    41 ||   527
       Headbutt          |    16 |    38 |    45 |    17 ||   116
       Great sword       |       |       |       |    14 ||    14
Throw: Tomahawk          |       |       |     1 |       ||     1
Invok: Berserk           |     1 |     7 |    11 |     2 ||    21
       Trog's Hand       |       |     1 |     6 |     1 ||     8
  Use: Scroll            |     1 |     6 |     5 |     2 ||    14
  Eat: Chunk             |     3 |    12 |    18 |     3 ||    36
       Ration            |       |     1 |     1 |       ||     2
Armor: Animal skin       |     6 |       |       |       ||     6
       Leather armour    |    14 |       |       |       ||    14
       Scale mail        |     6 |    53 |    51 |       ||   110
       Plate armour      |       |       |    41 |    28 ||    69
Dodge: Dodged            |    45 |    61 |    72 |    26 ||   204
Block: Buckler           |       |    15 |    44 |     7 ||    66
       Rpst.: Falchion   |    16 |    17 |    18 |     4 ||    55
       Great sword       |       |       |       |     6 ||     6

Table legend:
 A = Spawn XP
 B = Non-spawn XP
 C = Spawn XP percentage of total XP
 D = Spawn monster count
 E = Non-spawn monster count
 F = Spawn count percentage of total count
 G = Total turns spent on level
                    A         B        C        D         E        F      G
               +---------+---------+-------+---------+---------+-------+---------
         Total |       0 |    7328 |   0.0 |       0 |     177 |   0.0 |  7625
               +---------+---------+-------+---------+---------+-------+---------
           D:1 |       0 |      32 |   0.0 |       0 |      18 |   0.0 |  1121
           D:2 |       0 |     102 |   0.0 |       0 |      25 |   0.0 |  1357
           D:3 |       0 |     106 |   0.0 |       0 |      28 |   0.0 |   842
           D:4 |       0 |     195 |   0.0 |       0 |      12 |   0.0 |   718
           D:5 |       0 |     765 |   0.0 |       0 |      16 |   0.0 |   724
           D:6 |       0 |    1232 |   0.0 |       0 |      25 |   0.0 |   775
           D:7 |       0 |    1151 |   0.0 |       0 |      11 |   0.0 |   474
           D:8 |       0 |    3503 |   0.0 |       0 |      32 |   0.0 |  1412
           D:9 |       0 |     242 |   0.0 |       0 |      10 |   0.0 |    49
               +---------+---------+-------+---------+---------+-------+---------
